 Dungeon Crawl Stone Soup version 0.29.0-11-gd7f09526c8 (webtiles) character file.

Game seed: 2747726731517531504

532 Acheron the Trooper (level 7, 0/60 HPs)
             Began as a Purple Draconian Berserker on Sept 3, 2022.
             Was a Believer of Trog.
             Slain by an ice beast (5 damage)
             ... on level 5 of the Dungeon.
             The game lasted 00:19:54 (4667 turns).

Acheron the Trooper (Purple Draconian Berserker)    Turns: 4667, Time: 00:19:54

Health: 0/60       AC:  6    Str: 15    XL:     7   Next: 3%
Magic:  7/7        EV: 16    Int:  7    God:    Trog [**....]
Gold:   193        SH:  6    Dex: 12    Spells: 6/6 levels left

rFire   + + .      SeeInvis .   b - +4 dagger (speed)
rCold   . . .      Faith    .   k - +3 buckler of the Distant Future {rF++}
rNeg    + . .      Spirit   .   (body armour unavailable)
rPois   .          Reflect  .   (helmet restricted)
rElec   .          Harm     .   (no cloak)
rCorr   +          Rampage  .   (no gloves)
Will    +++..                   (no boots)
Stlth   ++........              (no amulet)
HPRegen 1.20/turn               e - ring of resist corrosion
MPRegen 0.10/turn               o - ring "Qerghane" {rN+ rCorr EV+4 Str-5}

@: strong-willed, regenerating
A: breathe power, AC +6, unfitting armour, cold-blooded
a: Breathe Dispelling Energy, Renounce Religion, Berserk, Trog's Hand


You were on level 5 of the Dungeon.
You worshipped Trog.
Trog was pleased with you.
You visited 1 branch of the dungeon, and saw 6 of its levels.

You collected 193 gold pieces.

Inventory:

Hand Weapons
 a - a +0 hand axe
 b - a +4 dagger of speed (weapon)
 j - a +0 war axe
 l - the +8 long sword of Fuillij {vamp, +Blink rPois rC- Will+}
   (You took it off a kobold on level 3 of the Dungeon)

   It occasionally heals its wielder for a portion of the damage dealt when it
   wounds a living foe.
   rC:        It makes you vulnerable to cold.
   rPois:     It protects you from poison.
   +Blink:    It lets you blink.
   Will:      It increases your willpower.
 p - a +0 war axe
Missiles
 c - 6 boomerangs (quivered)
 i - 9 poisoned darts
Armour
 k - the +3 buckler of the Distant Future (worn) {rF++}
   (You acquired it on level 3 of the Dungeon)

   rF:        It greatly protects you from fire.
Jewellery
 e - a ring of resist corrosion (left hand)
 o - the ring "Qerghane" (right hand) {rN+ rCorr EV+4 Str-5}
   (You found it on level 4 of the Dungeon)

   [ring of evasion]

   EV:        It affects your evasion (+4).
   Str:       It affects your strength (-5).
   rN:        It protects you from negative energy.
   rCorr:     It protects you from acid and corrosion.
Wands
 r - a wand of charming (9)
Scrolls
 n - a scroll of summoning
Potions
 f - a potion of berserk rage {unknown}
 g - 2 potions of heal wounds {unknown}
 m - a potion of invisibility {unknown}
 q - a potion of haste {unknown}
 s - a potion of degeneration {unknown}


   Skills:
 * Level 4.5 Fighting
 * Level 2.1 Short Blades
 + Level 3.9 Axes
 * Level 1.8 Throwing
 * Level 4.1 Dodging
 * Level 3.1 Stealth
 * Level 1.2 Shields
 * Level 1.4 Evocations


You had 6 spell levels left.
You didn't know any spells.
Your spell library contained the following spells:

 Spells                   Type           Power      Damage    Failure   Level
 Gell's Gravitas          Tloc           0%         N/A       88%         3
 Teleport Other           Tloc           0%         N/A       88%         3
 Dispersal                Tloc           0%         N/A       100%        6


Dungeon Overview and Level Annotations

Branches:
Dungeon (6/15)
 Temple: D:4-7

Altars:
Fedhas

Annotations:
D:4 3 runed translucent doors, exclusion: downstairs, borntocrawl's ghost, amateur DsGl
D:5 Grinder


Innate Abilities, Weirdness & Mutations

You can breathe bolts of dispelling energy.
Your rich purple scales are hard. (AC +6)
You cannot fit into any form of body armour.
You are cold-blooded and may be slowed by cold attacks.


Message History

You hit the ice beast.
The ice beast is heavily wounded.
The ice beast closely misses you.
You hit the ice beast but do no damage.
The ice beast is heavily wounded.
You hit the ice beast.
The ice beast is heavily wounded.
The ice beast closely misses you.
You barely miss the ice beast.
The ice beast is heavily wounded.
You block the ice beast's attack.
You completely miss the ice beast.
The ice beast is heavily wounded.
You hit the ice beast.
The ice beast is severely wounded.
The ice beast hits you.
* * * LOW HITPOINT WARNING * * *
The ice beast freezes you!
* * * LOW HITPOINT WARNING * * *
Okay, then.
Your skin crawls.
You feel strong-willed. The ice beast closely misses you.
You hit the ice beast but do no damage.
Your tail-slap misses the ice beast.
The ice beast is severely wounded.
You hit the ice beast.
You tail-slap the ice beast, but do no damage.
The ice beast is severely wounded.
The ice beast completely misses you.
You hit the ice beast.
The ice beast is almost dead.
The ice beast hits you but does no damage.
You hit the ice beast but do no damage.
The ice beast is almost dead.
You closely miss the ice beast.
The ice beast is almost dead.
The ice beast hits you.
* * * LOW HITPOINT WARNING * * *
The ice beast freezes you.
You die...

........##......#
.)......##......#
........##......#
..........#####.#
.......##.# #.##
######.##.# #..#
###.......######.#
.##..........###.#
........<###....@#
###......#
####Y.######
#......#
#.†........# #
#......#
#..........# #
#......#
#..........# #
########
#....<.....# #
#..........# #
#..........# #
############


You could see an ice beast.

Vanquished Creatures
  A phantom (D:3)
  3 scorpions
  2 hounds
  A jelly (D:6)
  2 iguanas
  Ijyb (D:5)
  A gnoll (D:3)
  5 adders
  A white imp (D:6)
  3 orcs
  3 ball pythons
  8 bats
  7 endoplasms
  2 giant cockroaches
  8 hobgoblins
  3 jackals (D:1)
  8 kobolds
  A quokka (D:1)
  3 frilled lizards
  2 goblins (D:2)
  8 rats
73 creatures vanquished.

Vanquished Creatures (others)
  6 plants
6 creatures vanquished.

Grand Total: 79 creatures vanquished

Notes
Turn   | Place    | Note
-------+----------+-------------------------------------------
     0 | D:1      | Acheron the Draconian Berserker began the quest for the
                  | Orb.
     0 | D:1      | Reached XP level 1. HP: 19/19 MP: 1/1
   202 | D:2      | Reached XP level 2. HP: 21/26 MP: 2/2
   482 | D:1      | Found a faded altar of an unknown god.
   561 | D:1      | Reached skill level 1 in Stealth
   600 | D:1      | Reached XP level 3. HP: 33/33 MP: 3/3
   602 | D:1      | Reached ** piety under Trog
  1685 | D:2      | Reached XP level 4. HP: 34/40 MP: 4/4
  2639 | D:3      | Identified the +8 long sword of Fuillij {vamp, +Blink rPois
                  | rC- Will+}
  2681 | D:3      | Noticed a phantom
  2713 | D:3      | Identified a scroll of acquirement
  2713 | D:3      | Acquired the +3 buckler of the Distant Future {rF++}
  2909 | D:3      | Killed a phantom
  2910 | D:3      | Reached XP level 5. HP: 41/46 MP: 5/5
  3077 | D:4      | Noticed borntocrawl's ghost (amateur DsGl)
  3086 | D:4      | Found a runed translucent gate.
  3086 | D:4      | Found a runed translucent gate.
  3086 | D:4      | Found a runed translucent gate.
  3116 | D:4      | Reached skill level 1 in Throwing
  3252 | D:4      | Identified the ring "Qerghane" {rN+ rCorr EV+4 Str-5}
  3318 | D:4      | Found a blossoming altar of Fedhas.
  3364 | D:4      | Noticed a black bear
  3477 | D:5      | Entered Level 5 of the Dungeon
  3504 | D:5      | Reached skill level 1 in Short Blades
  3504 | D:5      | Reached XP level 6. HP: 52/52 MP: 6/6
  3514 | D:6      | Noticed a steam dragon
  3591 | D:5      | Reached skill level 1 in Shields
  3591 | D:5      | Reached skill level 1 in Evocations
  3706 | D:5      | Noticed Ijyb
  3734 | D:5      | Killed Ijyb
  3759 | D:5      | Noticed an ice beast
  3766 | D:5      | Noticed Grinder
  4542 | D:5      | Your scales start taking on a rich purple colour.
  4542 | D:5      | Reached XP level 7. HP: 43/60 MP: 7/7
  4661 | D:5      | HP: 2/60 [ice beast (8)]
  4667 | D:5      | Slain by an ice beast

Illustrated notes

Levels and vault maps discovered:
D:1:      dpeg_arrival_leaves_temple_mockup, layout_basic, serial_bayou,
          serial_bayou_ford_a, serial_bayou_shore_b, serial_bayou_shore_a,
          serial_bayou_crossing, serial_bayou_lagoon_a, serial_bayou_pond_b,
          ebering_ecumenical_altar_hall
D:2:      layout_loops_ring, kennysheep_generic_room_14
D:3:      layout_basic
D:4:      layout_loops_corners, fedhas_ov_isle_minmay, gammafunk_ghost_split
D:5:      layout_rooms, mainiacjoe_overflow_concentric_impassable,
          kiku_gazebo_garden_becter, uniq_ijyb, uniq_grinder, uniq_sigmund
D:6:      layout_rooms, minmay_temple_entry_stoned_glass, enter_ossuary_4,
          uniq_maggie

Skill      XL: |  1  2  3  4  5  6 |
---------------+-------------------+-----
Dodging        | 3 4 |  4.1
Stealth        | 1 2 3 |  3.1
Fighting       | 4 |  4.5
Throwing       | 1 |  1.8
Short Blades   | 1 2 |  2.1
Shields        | 1 |  1.2
Evocations     | 1 |  1.4
Axes           | |  3.9

Action                   |  1- 3 |  4- 6 |  7- 9 || total
-------------------------+-------+-------+-------++-------
Melee: Hand axe          |   111 |       |       ||   111
       Tailslap          |     4 |    30 |     4 ||    38
       Dagger            |     4 |   198 |    25 ||   227
       Punch             |     1 |     1 |       ||     2
Invok: Trog's Hand       |       |       |     1 ||     1
  Use: Scroll            |     3 |     3 |       ||     6
       Potion            |       |     1 |       ||     1
 Stab: Sleeping          |       |     9 |       ||     9
Armor: Skin              |    40 |    34 |     4 ||    78
Dodge: Dodged            |    85 |    82 |     6 ||   173
Block: Buckler           |       |    22 |     2 ||    24
